 Dungeon Crawl Stone Soup version 0.29.1-13-g9f3cf754e1 (webtiles) character file.

Game seed: 2190052459000474816

36 Thatpatchoflichen the Sneak (level 3, -1/22 HPs)
             Began as a Kobold Brigand on Feb 1, 2023.
             Slain by a gnoll
             ... wielding a +0 whip
              (5 damage)
             ... on level 1 of the Dungeon.
             The game lasted 00:03:07 (775 turns).

Thatpatchoflichen the Sneak (Kobold Brigand)         Turns: 775, Time: 00:03:08

Health: -1/22      AC:  5    Str:  8    XL:     3   Next: 57%
Magic:  3/3        EV: 15    Int: 12    God:
Gold:   75         SH:  0    Dex: 18    Spells: 2/2 levels left

rFire   . . .      SeeInvis .   a - +2 dagger
rCold   . . .      Faith    .   (no shield)
rNeg    . . .      Spirit   .   b - +0 robe
rPois   .          Reflect  .   (no helmet)
rElec   .          Harm     .   m - +0 cloak
rCorr   .          Rampage  .   k - +0 pair of gloves
Will    .....                   f - +0 pair of boots
Stlth   ++++......              (no amulet)
HPRegen 0.07/turn               n - +4 ring of slaying
MPRegen 0.08/turn               (no ring)

@: no status effects
A: small, no large weapons, nightstalker 3
a: no special abilities


You were on level 1 of the Dungeon.
You visited 1 branch of the dungeon, and saw 2 of its levels.

You collected 75 gold pieces.

Inventory:

Hand Weapons
 a - a +2 dagger (weapon)
Missiles
 d - 9 poisoned darts (quivered)
 e - 3 curare-tipped darts
Armour
 b - a +0 robe (worn)
 c - a +0 cloak
 f - a +0 pair of boots (worn)
 k - a +0 pair of gloves (worn)
 m - a +0 cloak (worn)
Jewellery
 n - a +4 ring of slaying (left hand)
Scrolls
 i - a scroll of identify {unknown}
 j - a scroll of noise {unknown}
 l - a scroll of poison {unknown}
Potions
 g - a potion of haste {unknown}
 h - 2 potions of curing {unknown}


   Skills:
 + Level 2.8 Fighting
 + Level 3.3 Short Blades
 - Level 2.1 Throwing
 + Level 2.1 Dodging
 + Level 5.8 Stealth


You had 2 spell levels left.
You didn't know any spells.
Your spell library was empty.

Dungeon Overview and Level Annotations

Branches:
Dungeon (2/15)

Altars:


Innate Abilities, Weirdness & Mutations

You are small and have problems with some larger weapons.
You are completely attuned to the shadows.


Message History

The helpless endoplasm fails to defend itself.
You perforate the endoplasm like a sieve!!!
You kill the endoplasm!
You now have 75 gold pieces (gained 14).
A quokka comes into view.
The helpless quokka fails to defend itself.
You stick the quokka like a pincushion!!!
You kill the quokka!
A hobgoblin comes into view.
The helpless hobgoblin fails to defend itself.
You impale the hobgoblin!!
You kill the hobgoblin!
You see here a hobgoblin corpse.
Found a stone staircase leading down.
A goblin comes into view. It is wielding a +0 club.
The helpless goblin fails to defend itself.
You perforate the goblin like a sieve!!!
You kill the goblin!
There is a stone staircase leading down here.
You climb downwards.
There is a stone staircase leading up here.
The helpless kobold fails to defend itself.
You impale the kobold!!
You kill the kobold!
A gnoll comes into view. It is wielding a +0 whip.
Found a scroll labelled NANOZEA RIDEJU.
The gnoll shouts!
You hear a shout!
The gnoll shouts!
A gnoll comes into view. It is wielding a +0 whip.
The gnoll barely misses you. The gnoll hits you with a +0 whip.
The gnoll attacks as you move away! The gnoll misses you.
The gnoll hits you with a +0 flail! The gnoll misses you.
There is a stone staircase leading up here.
There are no items here.
The gnoll hits you with a +0 whip!
* * * LOW HITPOINT WARNING * * *
You climb upwards.
There is a stone staircase leading down here.
The gnoll attacks as you move away! The gnoll hits you with a +0 whip.
You die...

.......... #.# #.#
.#...#...# #.# #.#
.#...#.##. #.# #.#
.#.....# #. #)# #.#
.#...#.##.# #.# #.#
.#.#.#...# #.# #.#
.........# .###.#######.#
...#...##................#
..##...........g@#########
......###..#######
......###..# ...........#
......###.## ..##### #.#
..#######.# ..........#
..#########


You could see a gnoll.

Vanquished Creatures
  2 dart slugs (D:1)
  3 ball pythons (D:1)
  3 bats (D:1)
  2 endoplasms (D:1)
  A giant cockroach (D:1)
  5 hobgoblins (D:1)
  3 quokkas (D:1)
  2 frilled lizards (D:1)
  2 goblins (D:1)
  4 kobolds
  A rat (D:1)
28 creatures vanquished.

Notes
Turn   | Place    | Note
-------+----------+-------------------------------------------
     0 | D:1      | Thatpatchoflichen the Kobold Brigand began the quest for
                  | the Orb.
     0 | D:1      | Reached XP level 1. HP: 12/12 MP: 1/1
   149 | D:1      | Reached XP level 2. HP: 18/18 MP: 2/2
   332 | D:1      | Reached XP level 3. HP: 22/22 MP: 3/3
   775 | D:1      | Slain by a gnoll

Illustrated notes

Levels and vault maps discovered:
D:1:      matt_arrival_los_fun, layout_loops_ring, kennysheep_boxes
D:2:      layout_loops_ring, basic_altar, uniq_natasha, uniq_terence

Skill      XL: |  1  2  3 |
---------------+----------+-----
Short Blades   | 3 |  3.3
Dodging        | 2 |  2.1
Fighting       | |  2.8
Throwing       | |  2.1
Stealth        | |  5.8

Action                   || total
-------------------------++-------
Melee: Dagger            ||    42
 Stab: Sleeping          ||    19
Armor: Robe              ||     5
Dodge: Dodged            ||    20
